 Dungeon Crawl Stone Soup version 0.27.1-16-g815e20cd7a (webtiles) character file.

Game seed: 11628983963268872541

6 zeram the Caller (level 1, 0/13 HPs)
             Began as a Merfolk Summoner on Nov 22, 2021.
             Slain by a quokka (2 damage)
             ... on level 1 of the Dungeon.
             The game lasted 00:01:07 (1014 turns).

zeram the Caller (Merfolk Summoner)                 Turns: 1014, Time: 00:01:07

Health: 0/13       AC:  2    Str:  8    XL:     1   Next: 90%
Magic:  3/3        EV: 13    Int: 14    God:
Gold:   16         SH:  0    Dex: 14    Spells: 3/4 levels left

rFire    . . .     SeeInvis .   b - +0 dagger
rCold    . . .     Faith    .   (no shield)
rNeg     . . .     Spirit   .   a - +0 robe
rPois    .         Reflect  .   (no helmet)
rElec    .         Harm     .   (no cloak)
rCorr    .         Rampage  .   (no gloves)
Will     .....                  (no boots)
Stlth    ++........             (no amulet)
HPRegen  0.04/turn              (no ring)
MPRegen  0.08/turn              (no ring)

@: no status effects
A: (nimble swimmer 2), mertail
a: no special abilities


You were on level 1 of the Dungeon.
You visited 1 branch of the dungeon, and saw 1 of its levels.

You collected 16 gold pieces.

Inventory:

Hand Weapons
 b - a +0 dagger (weapon)
Armour
 a - a +0 robe (worn)


   Skills:
 + Level 3.5 Dodging
 - Level 2.1 Stealth
 - Level 2.0 Spellcasting
 - Level 4.0 Summonings


You had 3 spell levels left.
You knew the following spells:

 Your Spells              Type           Power      Damage    Failure   Level
a - Summon Small Mammal   Summ           48%        N/A       4%          1

Your spell library contained the following spells:

 Spells                   Type           Power      Damage    Failure   Level
 Call Imp                 Summ           12%        N/A       7%          2
 Call Canine Familiar     Summ           12%        N/A       14%         3
 Summon Guardian Golem    Hex/Summ       7%         N/A       30%         3
 Summon Lightning Spire   Summ/Air       7%         N/A       71%         4


Dungeon Overview and Level Annotations

Branches:
Dungeon (1/15)

Altars:


Innate Abilities, Weirdness & Mutations

((You are quick and stealthy near water. (Stealth+, EV+, Speed+++)))
Your lower body shifts to a powerful aquatic tail in water.


Message History

A quokka is nearby!
The quokka bites you.
You hit the quokka.
The quokka is moderately wounded.
The quokka bites you.
You hit the quokka but do no damage.
The quokka is moderately wounded.
The quokka barely misses you.
Casting: Summon Small Mammal (safe; 4% risk of failure)
Confirm with . or Enter, or press ? or * to list all spells.
The quokka misses you.
You closely miss the quokka.
The quokka is moderately wounded.
Your bat hits the quokka but does no damage.
The quokka bites you.
You are too injured to fight recklessly!
You are too injured to fight recklessly!
You are too injured to fight recklessly!
The quokka closely misses you.
Your bat barely misses the quokka. x2
Your bat hits the quokka but does no damage.
Your bat hits the quokka. The quokka misses you.
Your bat misses the quokka.
Your bat barely misses the quokka.
Your bat misses the quokka. The quokka closely misses you.
Your bat hits the quokka but does no damage.
Your bat closely misses the quokka.
You hit the quokka.
The quokka is severely wounded.
Your bat hits the quokka. The quokka closely misses you.
You hit the quokka but do no damage.
The quokka is severely wounded.
Your bat closely misses the quokka. x2
The quokka bites you but does no damage.
The quokka bites you.
* * * LOW HITPOINT WARNING * * *
You closely miss the quokka.
The quokka is severely wounded.
Your bat hits the quokka but does no damage.
The quokka bites you.
You die...

##....#..# .#####
#.#.....#..# ..[...
#.#.##.#..###. .####.
#............. #.
#.#........... .# #.
####.##.###. #.# #.
#.##.# #.# #.#.# #.
#....###.####.#.# #.
##.r@......##.#.####.
#.......#.##.#......
#..b..........#####.
#...###.......##....
#..........รท..##.###
#..####.......##.#
######..####.>.....##.###
#........................
#.#####...............###


You could see a quokka (ally target) and a friendly bat (summoned).

Vanquished Creatures
  A hobgoblin (D:1)
  A frilled lizard (D:1)
  A rat (D:1)
3 creatures vanquished.

Vanquished Creatures (collateral kills)
  An endoplasm (D:1)
  A kobold (D:1)
  A quokka (D:1)
  A frilled lizard (D:1)
4 creatures vanquished.

Grand Total: 7 creatures vanquished

Notes
Turn   | Place    | Note
-------+----------+-------------------------------------------
     0 | D:1      | zeram the Merfolk Summoner began the quest for the Orb.
     0 | D:1      | Reached XP level 1. HP: 13/13 MP: 3/3
  1014 | D:1      | Slain by a quokka

Illustrated notes

Levels and vault maps discovered:
D:1:      dpeg_arrival_boxes_within_box, layout_loops_ring, minmay_tetromino_t4

Skill      XL: |  1 |
---------------+----+-----
Dodging        | 3 |  3.5
Stealth        | |  2.1
Spellcasting   | |  2.0
Summonings     | |  4.0

Action                   || total
-------------------------++-------
Melee: Unarmed           ||    18
       Dagger            ||    12
 Cast: Summon Small Mamm ||    12
 Stab: Distracted        ||     1
Armor: Robe              ||     7
Dodge: Dodged            ||    26
